 Dungeon Crawl Stone Soup version 0.30.1-11-g7821555f0a (webtiles) character file.

Game seed: 18019244815547018255

54024 Peloso the Fencer (level 14, -2/130 (133) HPs)
             Began as a Minotaur Fighter on Dec 11, 2023.
             Was the Champion of Okawaru.
             Slain by a lindwurm (5 damage)
             ... summoned by Kirke
             ... on level 4 of the Lair of Beasts.
             The game lasted 00:38:31 (24697 turns).

Peloso the Fencer (Minotaur Fighter)               Turns: 24697, Time: 00:38:31

HP:   -2/130 (133)  AC:  0    Str: 21    XL:     14   Next: 33%
MP:   13/13         EV: 16    Int:  5    God:    Okawaru [******]
Gold: 1291          SH:  0    Dex: 15    Spells: 13/13 levels left

rFire   . . .        a - melded +0 double sword
rCold   . . .        d - melded +5 Storm Queen's Shield {shock, Fly rElec}
rNeg    . . .        f - melded +4 chain mail {rPois}
rPois   .            Q - melded +2 hat
rElec   .            (cloak currently unavailable)
rCorr   .            P - melded +2 pair of gloves {Dex+3}
SInv    .            L - melded +2 pair of boots
Will    +....        i - amulet of the acrobat
Stlth   ++           C - melded ring of see invisible
HPRegen 0.41/turn    v - melded ring of protection from fire
MPRegen 0.13/turn

%: acrobat
@: pig-form, slowed, lightly drained
A: fast, no casting, small, (horns 2), (retaliatory headbutt)
a: Renounce Religion, Heroism, Finesse, Duel


You were on level 4 of the Lair of Beasts.
You worshipped Okawaru.
Okawaru was exalted by your worship.
You were a filthy swine.
You visited 3 branches of the dungeon, and saw 19 of its levels.

You collected 2200 gold pieces.
You spent 909 gold pieces at shops.

Inventory:

Hand Weapons
 a - a +0 double sword (melded)
 b - a +3 scimitar of flaming
 t - a +0 long sword
Armour
 c - a +2 chain mail of willpower
 d - the +5 Storm Queen's Shield (melded) {shock, Fly rElec}
   (You bought it in a shop on level 4 of the Dungeon)

   Shock:     When it blocks an attack, it may electrocute the attacker.
   This works even against foes who are a short distance away.
   rElec:     It insulates you from electricity.
   Fly:       It grants you flight.
 f - a +4 chain mail of poison resistance (melded)
 L - a +2 pair of boots (melded)
 P - a +2 pair of gloves of dexterity (melded)
 Q - a +2 hat (melded)
Jewellery
 i - an amulet of the acrobat (around neck)
 o - a ring of protection from cold
 s - a ring of protection from cold
 v - a ring of protection from fire (melded)
 B - a ring of positive energy
 C - a ring of see invisible (melded)
 F - an amulet of guardian spirit
 M - a +5 ring of evasion
 N - an amulet of faith
Wands
 q - a wand of light (4)
 y - a wand of polymorph (21)
 z - a wand of digging (1)
 D - a wand of flame (16)
 G - a wand of roots (10)
Scrolls
 g - 10 scrolls of teleportation
 j - 5 scrolls of fear
 w - 2 scrolls of fog
 x - a scroll of brand weapon
 A - 2 scrolls of magic mapping
 H - a scroll of identify
 K - a scroll of immolation
Potions
 e - 5 potions of might
 h - 6 potions of heal wounds
 k - 14 potions of curing
 l - 3 potions of flight
 m - 8 potions of haste
 n - 3 potions of berserk rage
 p - 2 potions of brilliance
 r - a potion of lignification
 u - a potion of mutation
 E - a potion of magic {unknown}
 I - a potion of invisibility {unknown}
 J - 2 potions of ambrosia
Miscellaneous
 O - a lightning rod (4/4)


   Skills:
 + Level 14.8 Fighting
 + Level 17.7 Long Blades
 + Level 15.4 Armour
 + Level 4.0 Dodging
 + Level 1.5 Stealth
 + Level 12.4 Shields
 + Level 0.4 Invocations
 + Level 1.0 Evocations


You had 13 spell levels left.
You didn't know any spells.
Your spell library contained the following spells:

 Spells                   Type           Power      Damage    Failure   Level
 Apportation              Tloc           0%         N/A       47%         1
 Freeze                   Ice            0%         1d3       47%         1
 Magic Dart               Conj           0%         1d3       47%         1
 Searing Ray              Conj           0%         2d4       63%         2
 Frozen Ramparts          Ice            0%         1d1       85%         3
 Hailstorm                Conj/Ice       0%         3d3       85%         3
 Stone Arrow              Conj/Erth      0%         3d7       85%         3
 Fulminant Prism          Conj/Hex       0%         3d5       99%         4
 Alistair's Intoxication  Tmut/Pois      0%         N/A       100%        5
 Lehudib's Crystal Spear  Conj/Erth      0%         10d2      100%        8
 Animate Armour           Summ/Erth      Unusable   N/A       N/A         4

Dungeon Overview and Level Annotations

Branches:
Dungeon (13/15)            Temple (0/1) D:7            Lair (4/5) D:11
  Swamp (0/4) Lair:3       Spider (0/4) Lair:2          Orc (2/2) D:10
    Elf (0/3) Orc:2
  Slime: Lair:4-5    Vaults: D:13-14

Altars:
Elyvilon
Fedhas
Gozag
Kikubaaqudgha
Makhleb
Okawaru
Ru
Sif Muna
Trog
Uskayaw
Wu Jian
Zin

Shops:
D:4 [*   Orc:2 [:?(?

Annotations:
D:6 2 transporters, binsch's ghost, novice TrFi
D:12 1 runed translucent door, ripuliukko's ghost, journeyman GrEE
Lair:4 Kirke


Innate Abilities, Weirdness & Mutations

You are a filthy swine.
You move quickly.
Your equipment is almost entirely melded.
You are incapable of wielding weapons or throwing items.
You cannot cast spells.
((You have a pair of horns on your head.))
((You reflexively headbutt those who attack you in melee.))


Message History

Unknown command.
You bite Kirke!
Kirke is heavily wounded.
Kirke hits you!!
Unknown command.
You hit Kirke.
Kirke is heavily wounded.
Kirke casts a spell at you.
You feel yourself slow down.
Unknown command.
You bite Kirke!
Kirke is heavily wounded.
Kirke hits you! The lindwurm bites you! The lindwurm completely misses you.
The lindwurm misses you. Kirke closely misses you. The hell rat bites you!
You feel drained. The lindwurm barely misses you. The lindwurm claws you! x2
Unknown command.
You bite Kirke!
Kirke is severely wounded.
Kirke hits you!
* * * LOW HITPOINT WARNING * * *
The hell rat bites you!
* * * LOW HITPOINT WARNING * * *
The lindwurm closely misses you. The lindwurm claws you!
* * * LOW HITPOINT WARNING * * *
The lindwurm closely misses you.
You bite Kirke!
Kirke is severely wounded.
Kirke says, "Odis was a nice man, you're awful."
Kirke points at you and mumbles some strange words.
You feel a momentary urge to oink. The hell rat misses you. Kirke hits you!
* * * LOW HITPOINT WARNING * * *
The lindwurm breathes flames at you. The blast of flame misses you.
You hear a bleat!
You hit Kirke.
Kirke is severely wounded.
You hear a bleat!
Kirke misses you. The hell rat misses you. The lindwurm closely misses you.
The lindwurm claws you.
You die...

################
..##^..#..#.#......
.............P.....
.........(.....#>..
...............#
.............###
r..........h.#
#.#####.#.hr## #
##..hkh# ##.##@##
#.+ #hh# ....h..h##
........!
Y.........#
.@...<....P
.........P. .......
P......#<+[
......... ..


You could see Kirke (fast), a lindwurm (summoned, catching breath), 6 hogs and a
hell rat.

Vanquished Creatures
  Jorgrun (D:12)
  An orc warlord (Orc:1)
  Snorg (D:11)
  3 hydras
  A centaur warrior (D:13)
  5 two-headed ogres
  3 boulder beetles
  A tengu warrior (D:13)
  A deep troll earth mage (D:11)
  8 orc high priests
  A deep elf archer (Orc:1)
  2 bog bodies (Lair:3)
  A lindwurm (Lair:3)
  An orc knight (D:10)
  3 deep elf pyromancers
  2 deep elf zephyrmancers
  2 orc sorcerers (Orc:1)
  4 cyclopes
  A manticore (D:13)
  5 elephants (Lair:4)
  A black mamba (Lair:1)
  Maurice (D:12)
  7 cane toads
  A gargoyle (D:9)
  A rime drake (Lair:2)
  2 unseen horrors
  Maggie (D:8)
  An efreet (D:13)
  5 komodo dragons
  4 trolls
  3 hornets
  18 blink frogs
  6 slime creatures
  A water elemental (D:11)
  2 shadows (D:10)
  4 wyverns
  27 yaks
  2 wraiths (D:11)
  Grum (D:8)
  2 basilisks
  A steam dragon (D:8)
  11 vampire mosquitoes
  7 wargs
  12 water moccasins
  An acid dragon (D:13)
  18 orc warriors
  2 sky beasts (D:7)
  A black bear (Lair:1)
  10 ogres
  9 wolves
  4 centaurs
  4 phantoms
  6 bullfrogs
  12 scorpions
  A gnoll sergeant (D:7)
  7 wights
  11 killer bees
  A vampire bat (D:3)
  4 howler monkeys
  8 electric eels
  A hound (D:7)
  40 orc priests
  2 gnoll boudas
  24 orc wizards
  3 iguanas
  A sleepcap (D:7)
  4 hell rats (Lair:4)
  8 ogre zombies (D:10)
  6 adders
  9 gnolls
  A shadow imp (D:6)
  3 white imps
  A worm (D:5)
  3 dart slugs
  3 fire bats (D:3)
  80 orcs
  2 spectral bats (D:3)
  15 bats
  3 bat skeletons (D:3)
  A bat zombie (D:3)
  7 endoplasms
  8 giant cockroaches
  6 goblins
  4 hobgoblins
  8 jackals
  3 kobolds
  2 quokkas
  3 ball pythons
  A bat simulacrum (D:3)
  A frilled lizard (D:1)
  2 goblin skeletons (D:10)
  7 goblin zombies (D:10)
  A hobgoblin skeleton (D:10)
  2 hobgoblin zombies (D:10)
  An orc skeleton (D:10)
  12 orc zombies (D:10)
  A rat (D:1)
  A butterfly (Lair:1)
547 creatures vanquished.

Vanquished Creatures (others)
  An orc wizard (Orc:1)
  2 orcs (D:12)
3 creatures vanquished.

Grand Total: 550 creatures vanquished

Notes
Turn   | Place    | Note
-------+----------+-------------------------------------------
     0 | D:1      | Peloso the Minotaur Fighter began the quest for the Orb.
     0 | D:1      | Reached XP level 1. HP: 19/19 MP: 0/0
   331 | D:1      | Reached XP level 2. HP: 27/27 MP: 1/1
  1060 | D:2      | Found a bloodstained altar of Trog.
  1103 | D:2      | Reached XP level 3. HP: 33/33 MP: 2/2
  1327 | D:2      | Reached skill level 3 in Long Blades
  1451 | D:2      | Found a faded altar of an unknown god.
  1781 | D:2      | Reached XP level 4. HP: 40/40 MP: 3/3
  2234 | D:3      | Reached skill level 4 in Long Blades
  2234 | D:3      | Reached XP level 5. HP: 45/47 MP: 4/4
  2729 | D:4      | Reached skill level 5 in Shields
  2731 | D:4      | Noticed a centaur
  2755 | D:4      | Killed a centaur
  2756 | D:4      | Reached skill level 5 in Long Blades
  2756 | D:4      | Reached skill level 1 in Dodging
  2756 | D:4      | Reached XP level 6. HP: 43/55 MP: 5/5
  2826 | D:4      | Found Cycseyk's Armour Shoppe.
  2834 | D:4      | Found a sacrificial altar of Ru.
  2979 | D:4      | Found Ryoghin's Lightly-Used Armoury.
  2990 | D:4      | Bought a -1 double sword for 120 gold pieces
  3025 | D:4      | Reached skill level 5 in Fighting
  3634 | D:5      | Entered Level 5 of the Dungeon
  3670 | D:5      | Reached skill level 5 in Armour
  3776 | D:5      | Found a burning altar of Makhleb.
  3879 | D:5      | You fall into a shaft and drop 2 floors!
  3940 | D:7      | Noticed a water moccasin
  3947 | D:7      | Killed a water moccasin
  3948 | D:7      | Reached skill level 6 in Long Blades
  3948 | D:7      | Reached XP level 7. HP: 54/61 MP: 6/6
  3986 | D:6      | Noticed binsch's ghost (novice TrFi)
  3986 | D:6      | Found a transporter.
  3986 | D:6      | Found a transporter.
  4347 | D:5      | Found an iron altar of Okawaru.
  4355 | D:5      | Became a worshipper of Warmaster Okawaru
  4611 | D:6      | Reached XP level 8. HP: 36/70 MP: 7/7
  4790 | D:6      | Reached skill level 7 in Long Blades
  5019 | D:6      | Reached * piety under Okawaru
  5075 | D:6      | Reached skill level 8 in Long Blades
  5120 | D:6      | Found a glowing silver altar of Zin.
  5179 | D:6      | Noticed a hornet
  5184 | D:6      | Reached skill level 9 in Long Blades
  5406 | D:6      | Found an opulent altar of Gozag.
  5675 | D:7      | Found a staircase to the Ecumenical Temple.
  5705 | D:7      | Found a runed translucent door.
  5707 | D:7      | Found a runed translucent door.
  5741 | D:7      | Reached XP level 9. HP: 15/78 MP: 5/8
  5744 | D:7      | Reached skill level 10 in Long Blades
  5976 | D:7      | Reached ** piety under Okawaru
  6981 | D:8      | Noticed Grum
  6993 | D:8      | Reached skill level 11 in Long Blades
  7000 | D:8      | Killed Grum
  7005 | D:8      | Reached *** piety under Okawaru
  7162 | D:8      | Noticed a two-headed ogre
  7169 | D:8      | Killed a two-headed ogre
  7169 | D:8      | Reached **** piety under Okawaru
  7170 | D:8      | Reached XP level 10. HP: 26/88 MP: 9/9
  7357 | D:8      | Found a white marble altar of Elyvilon.
  7359 | D:8      | Noticed Maggie
  7368 | D:8      | Reached skill level 12 in Long Blades
  7374 | D:8      | Killed Maggie
  7534 | D:8      | Found a hide-covered altar of Uskayaw.
  7789 | D:8      | Found a blossoming altar of Fedhas.
  7789 | D:8      | Found an ancient bone altar of Kikubaaqudgha.
  7927 | D:9      | Noticed a deep elf pyromancer
  7939 | D:8      | Killed a deep elf pyromancer
  8112 | D:9      | Noticed a gargoyle
  8416 | D:9      | Reached ***** piety under Okawaru
  8422 | D:9      | Reached skill level 13 in Long Blades
  8429 | D:9      | Reached skill level 10 in Armour
  8716 | D:9      | Noticed a two-headed ogre
  8730 | D:9      | Killed a two-headed ogre
  8935 | D:9      | Killed a gargoyle
  9179 | D:10     | Entered Level 10 of the Dungeon
  9242 | D:10     | Found a staircase to the Orcish Mines.
  9302 | D:10     | Reached XP level 11. HP: 96/97 MP: 10/10
  9709 | D:10     | Received a gift from Okawaru
  9823 | D:10     | Reached skill level 14 in Long Blades
  9830 | D:10     | Found an ornate altar of the Wu Jian Council.
  9831 | D:10     | Found a shimmering blue altar of Sif Muna.
 10080 | D:11     | Noticed a two-headed ogre
 10136 | D:11     | Killed a two-headed ogre
 10440 | D:11     | Noticed a deep elf pyromancer
 10454 | D:11     | Killed a deep elf pyromancer
 10506 | D:11     | Noticed a boulder beetle
 10540 | D:11     | Killed a boulder beetle
 10718 | D:11     | Noticed Snorg
 10730 | D:11     | Killed Snorg
 10731 | D:11     | Reached skill level 10 in Fighting
 11160 | D:11     | Reached ****** piety under Okawaru
 11341 | D:11     | Received a gift from Okawaru
 11602 | D:11     | Found a staircase to the Lair.
 11694 | D:11     | Noticed a deep troll earth mage
 11724 | D:11     | Killed a deep troll earth mage
 11725 | D:11     | Reached skill level 15 in Long Blades
 11725 | D:11     | Reached skill level 1 in Evocations
 12055 | Lair:1   | Entered Level 1 of the Lair of Beasts
 12602 | Lair:1   | Reached XP level 12. HP: 104/107 MP: 11/11
 13109 | Lair:1   | Identified the +5 ring mail of Ixkick {Dex+4} (Okawaru
                  | gifted it to you on level 1 of the Lair of Beasts)
 13109 | Lair:1   | Received a gift from Okawaru
 13681 | Lair:2   | You fall into a shaft and drop 1 floor!
 13703 | Lair:2   | Reached skill level 16 in Long Blades
 14027 | Lair:3   | Found a staircase to the Swamp.
 14840 | Lair:3   | Noticed a six-headed hydra
 14851 | Lair:3   | Killed a one-headed hydra
 14976 | Lair:3   | Noticed a seven-headed hydra
 14986 | Lair:3   | Killed a five-headed hydra
 15561 | Lair:2   | Found a hole to the Spider Nest.
 15752 | Lair:2   | Received a gift from Okawaru
 15863 | Lair:2   | Reached XP level 13. HP: 108/119 MP: 12/12
 15879 | Lair:2   | Reached skill level 1 in Stealth
 16401 | D:12     | Noticed Maurice
 16415 | D:12     | Killed Maurice
 16962 | D:12     | Reached skill level 10 in Shields
 17022 | D:12     | Noticed Jorgrun
 17046 | D:12     | Killed Jorgrun
 17811 | D:12     | Found a runed translucent door.
 17813 | D:12     | Noticed ripuliukko's ghost (journeyman GrEE)
 18417 | Orc:1    | Entered Level 1 of the Orcish Mines
 19822 | Orc:1    | Received a gift from Okawaru
 19997 | Orc:1    | Noticed an orc warlord
 20014 | Orc:1    | Killed an orc warlord
 20015 | Orc:1    | Reached skill level 17 in Long Blades
 20320 | Orc:2    | Entered Level 2 of the Orcish Mines
 20320 | Orc:2    | Found Orumm's Magic Scroll Emporium.
 20330 | Orc:2    | Reached skill level 15 in Armour
 21698 | Orc:2    | Found a staircase to the Elven Halls.
 21819 | Orc:2    | Found Poraet's Magic Scroll Boutique.
 21854 | Orc:2    | Bought a scroll of brand weapon for 161 gold pieces
 21858 | Orc:2    | Bought a scroll of magic mapping for 127 gold pieces
 22035 | Orc:2    | Found Maam's Weapon Shoppe.
 22042 | Orc:2    | Received a gift from Okawaru
 22190 | Orc:2    | Found Gepsorch's Book Boutique.
 22190 | Orc:2    | Found Fuinitul's Armour Shoppe.
 22581 | Orc:2    | Reached XP level 14. HP: 131/133 MP: 13/13
 22780 | Orc:2    | Found Bidd's Antique Weapon Shoppe.
 22802 | Orc:2    | Identified the +7 quarterstaff of Fecrourch {heavy, Will++
                  | Str+4 Dex-5} (Okawaru gifted it to you on level 2 of the
                  | Orcish Mines)
 22802 | Orc:2    | Received a gift from Okawaru
 23101 | D:4      | Bought the +5 Storm Queen's Shield {shock, Fly rElec} for
                  | 501 gold pieces
 23101 | D:4      | Found the +5 Storm Queen's Shield {shock, Fly rElec}
 24585 | Lair:4   | Received a gift from Okawaru
 24675 | Lair:4   | Noticed Kirke
 24696 | Lair:4   | HP: 2/130 [Kirke (10)]
 24697 | Lair:4   | Slain by a lindwurm

Illustrated notes

Levels and vault maps discovered:
D:1:      dpeg_arrival_tiny_k, layout_basic
D:2:      layout_basic, dreamdust_ecumenical_altar_statues, basic_altar
D:3:      layout_basic, goddamned_bats
D:4:      layout_rooms, nicolae_ru_awakened_eye, serial_shops, shop,
          minmay_shop_damaged
D:5:      layout_basic, bloody_makhleb, kennysheep_okawaru_gauntlet
D:6:      layout_loops_ring, pdpol_temple_overflow_zin_treasury_gozag_greed,
          gammafunk_ghost_hive
D:7:      lemuel_insect_pit, layout_cave_pods,
          minmay_temple_entry_statues_pillars
D:8:      layout_basic, grunt_temple_overflow_growth_and_decay,
          mainiacjoe_overflow_small_starburst, mainiacjoe_overflow_boulevard,
          uniq_maggie, uniq_grum
D:9:      layout_cross
D:10:     layout_basic, gammafunk_temple_overflow_statue, zombieorc2_lemuel
D:11:     layout_basic, lair_entry_dummy, serial_bayou, serial_bayou_pond_c,
          serial_bayou_ford_a, serial_bayou_lagoon_a, serial_bayou_lake_a,
          kennysheep_island_fort, uniq_snorg
D:12:     layout_irregular_city, serial_glass, glass_columns_b, glass_columns_b,
          hellmonk_ghost_big_iron, uniq_maurice, uniq_jorgrun
D:13:     layout_rooms
Lair:1:   layout_hall_layers, grunt_forest_small_clearing_treed,
          grunt_megastairs_2, lemuel_fruit_fields
Lair:2:   layout_cave_pods, spider_nest_entry_web_field, serial_bayou_pond_b,
          patterned_corridor
Lair:3:   layout_gridlike, skrybe_swamp_entry_bodies, beast_lair_carwin_5
Lair:4:   layout_roguey, uniq_kirke
Orc:1:    layout_caves, elf_legates
Orc:2:    st_orc_town, layout_caves, serial_shops, shop, shop

Skill      XL: |  1  2  3  4  5  6  7  8  9 10 11 12 13 14 |
---------------+-------------------------------------------+-----
Shields        | 4 5 6 7 8 9 11 12 | 12.4
Fighting       | 4 5 6 8 9 10 12 14 | 14.8
Armour         | 4 5 6 7 9 10 12 14 15 | 15.4
Long Blades    | 3 4 5 6 9 11 13 15 16 17 | 17.7
Dodging        | 1 2 3 4 |  4.0
Evocations     | 1 |  1.0
Stealth        | 1 |  1.5
Invocations    | |  0.4

Action                     |  1- 3 |  4- 6 |  7- 9 | 10-12 | 13-15 || total
---------------------------+-------+-------+-------+-------+-------++-------
  Melee: Long sword        |    90 |    79 |       |       |       ||   169
         Headbutt          |     6 |    20 |    54 |   167 |   174 ||   421
         Double sword      |       |    27 |   261 |   704 |   637 ||  1629
         Scimitar          |       |       |       |    12 |     3 ||    15
         Unarmed           |       |       |       |       |     7 ||     7
 Invoke: Heroism           |       |       |     1 |     1 |     3 ||     5
  Evoke: Wand              |       |       |       |    16 |       ||    16
    Use: Scroll            |       |     8 |     3 |     4 |     8 ||    23
         Potion            |       |     1 |       |     3 |     2 ||     6
 Armour: Scale mail        |     6 |       |       |       |       ||     6
         Chain mail        |    60 |   109 |    11 |       |   178 ||   358
         Plate armour      |       |       |   130 |   449 |   199 ||   778
  Dodge: Dodged            |    44 |   110 |   127 |   355 |   361 ||   997
  Block: Buckler           |    21 |    61 |    82 |   198 |   204 ||   566
         Kite shield       |       |       |       |       |   143 ||   143
